 Dungeon Crawl Stone Soup version 0.19-a0-330-g034cfd4 (webtiles) character file.

178 epen the Magician (level 5, -7/29 HPs)
             Began as a Deep Elf Air Elementalist on May 28, 2016.
             Mangled by a giant frog (9 damage)
             ... on level 5 of the Dungeon.
             The game lasted 00:08:58 (3333 turns).

epen the Magician (Deep Elf Air Elementalist)       Turns: 3333, Time: 00:08:59

Health: -7/29      AC:  4    Str:  7    XL:     5   Next: 32%
Magic:  9/13       EV: 13    Int: 21    God:
Gold:   200        SH:  0    Dex: 15    Spells: 3 memorised, 6 levels left

rFire  + . .     SeeInvis .     f - +1 short sword
rCold  . . .     Gourm    +     a - +1 robe
rNeg   . . .     Faith    .     (no shield)
rPois  .         Spirit   .     (no helmet)
rElec  .         Dismiss  .     (no cloak)
rCorr  .         Reflect  .     (no gloves)
SustAt .         Harm     .     (no boots)
MR     .....                    i - amulet of the gourmand
Stlth  +++.......               s - ring of stealth
                                l - +1 ring of protection

@: very slightly contaminated, repel missiles, drained, not resistant to hostile
enchantments, fairly stealthy
A: fire resistance 1, strong 1
a: no special abilities


You were on level 5 of the Dungeon.
You were not hungry.

You visited 1 branch of the dungeon, and saw 6 of its levels.

You collected 200 gold pieces.

Inventory:

Hand Weapons
 f - a +1 short sword (weapon)
Armour
 a - a +1 robe (worn)
Jewellery
 i - an amulet of the gourmand (around neck)
 l - a +1 ring of protection (left hand)
 s - a ring of stealth (right hand)
Scrolls
 e - a scroll of enchant weapon
 m - a scroll of fog
 n - 2 scrolls of identify
 q - a scroll of magic mapping
Potions
 g - a potion of cancellation
 j - a potion of might {unknown}
 k - a potion of heal wounds {unknown}
 o - 3 potions of mutation
 u - a potion of berserk rage {unknown}
Books
 b - a book of Air

   Spells                             Type                      Level
   a - Shock                          Conjuration/Air              1
   b - Swiftness                      Charms/Air                   2
   c - Repel Missiles                 Charms/Air                   2
   d - Static Discharge               Conjuration/Air              3
   e - Lightning Bolt                 Conjuration/Air              5
 d - a book of Burglary

   Spells                             Type                      Level
   a - Swiftness                      Charms/Air                   2
   b - Passwall                       Transmutation/Earth          2
   c - Passage of Golubria            Translocation                4
   d - Lee's Rapid Deconstruction     Earth                        5
   e - Darkness                       Hexes                        6
   f - Invisibility                   Hexes                        6
Comestibles
 c - 5 bread rations
 p - 3 fruits
 t - 3 meat rations
 v - a slice of pizza


   Skills:
 + Level 1.0(0.7) Fighting
 + Level 3.3(3.0) Dodging
 - Level 2.4(2.1) Stealth
 + Level 4.2(3.9) Spellcasting
 * Level 3.5(3.2) Conjurations
 * Level 3.8(3.5) Air Magic


You had 6 spell levels left.
You knew the following spells:

 Your Spells              Type           Power        Failure   Level  Hunger
a - Shock                 Conj/Air       ###.         3%          1    None
b - Repel Missiles        Chrm/Air       ##....       12%         2    #......
c - Static Discharge      Conj/Air       ###.....     12%         3    ###....


Dungeon Overview and Level Annotations

Branches:
Dungeon (6/15)
 Temple: D:4-7

Altars:
Dithmenos
Hepliaklqana
Zin


Innate Abilities, Weirdness & Mutations

Your flesh is heat resistant. (rF+)
Your muscles are strong. (Str +2)


Message History

Okay, then.
Drink which item? (? for menu, Esc to quit)
Okay, then.
Casting: Shock
Confirm with . or Enter, or press ? or * to list all spells.
Aiming: Shock
Press: ? - help, Shift-Dir - straight line, f - giant frog
Aim: a giant frog (lightly wounded)
The zap hits the giant frog.
The giant frog is moderately wounded.
The zap misses the giant frog.
Casting: Shock
Confirm with . or Enter, or press ? or * to list all spells.
The giant frog is struck by lightning.
The giant frog is heavily wounded.
The lightning arcs!
You are struck by lightning.
* * * LOW HITPOINT WARNING * * *
The lightning grounds out.
The giant frog closely misses you. The giant frog hits you!
You die...

...#o#
......####.#
....... #c# ..
....# #.#+
......... #...
###...S...... ##c.
#.. .$#......###.s
#.# #....#........
#@# #....#........
#F# +....#.......s
#.###....#........
#...F.......#.....
#####....#######..
###### #.. .. ..


You could see a giant frog.

Vanquished Creatures
  A crimson imp (D:6)
  2 worker ants (D:6)
  3 adders
  An ooze (D:1)
  An adder skeleton (D:4)
  3 worms
  2 dart slugs (D:2)
  A giant gecko (D:5)
  2 giant cockroaches
  7 goblins
  4 hobgoblins
  6 kobolds
  A quokka (D:4)
  3 ball pythons
  6 bats
  3 giant newts
  3 rats
49 creatures vanquished.

Notes
Turn   | Place    | Note
--------------------------------------------------------------
     0 | D:1      | epen the Deep Elf Air Elementalist began the quest for the Orb.
     0 | D:1      | Reached XP level 1. HP: 10/10 MP: 6/6
   217 | D:1      | Reached XP level 2. HP: 15/15 MP: 6/8
   345 | D:1      | Learned a level 2 spell: Repel Missiles
   720 | D:2      | Reached XP level 3. HP: 19/19 MP: 2/10
   813 | D:2      | Learned a level 3 spell: Static Discharge
  1114 | D:3      | Found a hazy altar of Hepliaklqana.
  1637 | D:3      | Found a faded altar to an unknown god.
  1770 | D:3      | Gained mutation: Your flesh is heat resistant. (rF+) [potion of mutation]
  1770 | D:3      | Gained mutation: Your muscles are strong. (Str +2) [potion of mutation]
  1802 | D:4      | Reached XP level 4. HP: 21/24 MP: 7/11
  2131 | D:4      | You fall through a shaft for 2 floors!
  2150 | D:6      | Found a glowing silver altar of Zin.
  2527 | D:6      | Reached skill level 4 in Spellcasting
  2786 | D:6      | Reached skill level 1 in Fighting
  2786 | D:6      | Reached XP level 5. HP: 25/29 MP: 3/13
  2943 | D:6      | Found a shadowy altar of Dithmenos.
  2984 | D:5      | Entered Level 5 of the Dungeon
  2985 | D:5      | Noticed a black bear
  3285 | D:5      | Noticed a phantom
  3303 | D:5      | Noticed a centaur
  3333 | D:5      | Mangled by a giant frog

Vault maps used:
D:1:      minmay_arrival_wavy_path
D:3:      overflow_temple_1_default, ecumenical_altar_2, first_bread
D:4:      lightli_temple_of_fire, temple_doors_c
D:5:      lemuel_upstairs_altar
D:6:      old_standard_altar, nicolae_dithmenos_through_a_glass_darkly

Skill      XL: |  1  2  3  4 |
---------------+-------------+-----
Conjurations   | 2 3 |  3.5
Dodging        | 3 |  3.3
Spellcasting   | 4 |  4.2
Fighting       | 1 |  1.0
Stealth        | |  2.4
Air Magic      | |  3.8

Action                   |  1- 3 |  4- 6 || total
-------------------------+-------+-------++-------
Melee: Short sword       |     6 |     7 ||    13
 Cast: Shock             |    70 |    19 ||    89
       Repel Missiles    |     1 |       ||     1
       Static Discharge  |     2 |    12 ||    14
  Use: Scroll            |    12 |     2 ||    14
       Potion            |     1 |     1 ||     2
 Stab: Sleeping          |     1 |     1 ||     2
  Eat: Chunk             |     3 |     6 ||     9
       Fruit             |       |     1 ||     1
Armor: Robe              |     2 |     1 ||     3
Dodge: Dodged            |    17 |    21 ||    38
       Deflected         |       |     2 ||     2
